 Dungeon Crawl Stone Soup version 0.28-a0-612-gcfc00ec14d (webtiles) character file.

Game seed: 7445280052937220135

7866 Shadow153 the Nimble (level 11, 0/86 HPs)
             Began as a Green Draconian Conjurer on Oct 5, 2021.
             Slain by Fannar (6 damage)
             ... on level 11 of the Dungeon.
             The game lasted 01:33:11 (20711 turns).

Shadow153 the Nimble (Green Draconian Conjurer)    Turns: 20711, Time: 01:33:11

Health: 0/86       AC:  9    Str: 10    XL:     11   Next: 2%
Magic:  2/30       EV: 16    Int: 25    God:
Gold:   607        SH:  0    Dex: 12    Spells: 8/24 levels left

rFire   . . .      SeeInvis .   j - +3 quarterstaff (chaos)
rCold   . . .      Faith    .   (shield currently unavailable)
rNeg    . . .      Spirit   .   (armour unavailable)
rPois   +          Reflect  .   (helmet restricted)
rElec   +          Harm     .   k - +1 cloak
rCorr   .          Rampage  .   (no gloves)
Will    .....                   (no boots)
Stlth   ++........              E - amulet of the Air {Inacc Air Fly rElec RMsl}
HPRegen 0.24/turn               w - +6 ring of intelligence
MPRegen 0.22/turn               h - ring of magical power

@: mighty, flying, slowed, repel missiles, very slow
A: breathe noxious fumes, AC +7, unfitting armour, poison resistance,
cold-blooded
a: Breathe Noxious Fumes


You were on level 11 of the Dungeon.
You visited 4 branches of the dungeon, and saw 14 of its levels.
You also visited: Sewer and Ossuary.

You collected 607 gold pieces.

Inventory:

Hand Weapons
 j - a +3 quarterstaff of chaos (weapon)
 l - a +4 vorpal rapier
Missiles
 f - 26 poisoned darts
 x - a curare-tipped dart
 B - 8 atropa-tipped darts
Armour
 k - a +1 cloak (worn)
Magical Staves
 c - a staff of cold
Jewellery
 e - a ring of positive energy
 h - a ring of magical power (right hand)
 w - a +6 ring of intelligence (left hand)
 E - the amulet of the Air (around neck) {Inacc Air Fly rElec RMsl}
   (You found it on level 9 of the Dungeon)

   [amulet of nothing]

   It reduces the accuracy of all your attacks.
   It enhances your air magic.
   rElec:     It insulates you from electricity.
   Fly:       It grants you flight.
   RMsl:      It protects you from missiles.
Wands
 a - a wand of polymorph (16)
 i - a wand of iceblast (33)
 r - a wand of flame (16)
Scrolls
 b - a scroll of acquirement {unknown}
 m - a scroll of enchant armour
 p - 2 scrolls of amnesia
 s - 7 scrolls of teleportation
 t - a scroll of immolation
 y - a scroll of blinking
 z - a scroll of brand weapon
Potions
 d - 2 potions of berserk rage
 g - 10 potions of curing
 o - 2 potions of flight
 q - 2 potions of lignification
 u - a potion of cancellation
 A - a potion of magic {unknown}
 C - 3 potions of haste


   Skills:
 + Level 5.0 Fighting
 * Level 4.1 Staves
 + Level 9.7 Dodging
 - Level 4.0 Stealth
 - Level 7.0 Spellcasting
 + Level 7.0 Conjurations
 - Level 4.0 Hexes
 * Level 3.4 Translocations
 - Level 3.0 Poison Magic


You had 8 spell levels left.
You knew the following spells:

 Your Spells              Type           Power      Damage    Failure   Level
a - Magic Dart            Conj           100%       1d8       1%          1
b - Searing Ray           Conj           88%        2d7       1%          2
c - Fulminant Prism       Conj/Hex       18%        3d11      7%          4
d - Ignite Poison         Fire/Tmut/Pois 13%        N/A       13%         3
e - Iskenderun's Mystic   Conj/Tloc      35%        2d8       8%          4
f - Static Discharge      Conj/Air       39%        N/A       2%          2

Your spell library contained the following spells:

 Spells                   Type           Power      Damage    Failure   Level
 Dazzling Flash           Conj/Hex       72%        N/A       1%          3
 Ensorcelled Hibernation  Hex/Ice        36%        N/A       4%          2
 Conjure Flame            Conj/Fire      26%        6-21      4%          3
 Spider Form              Tmut/Pois      8%         N/A       11%         3
 Sticky Flame             Conj/Fire      26%        2d5       16%         4
 Ozocubu's Armour         Ice            8%         N/A       21%         3
 Lightning Bolt           Conj/Air       19%        1d34      41%         5
 Metabolic Englaciation   Hex/Ice        9%         N/A       63%         5
 Simulacrum               Ice/Necr       4%         N/A       100%        6
 Maxwell's Capacitive Co  Air            6%         ∞         100%        8


Dungeon Overview and Level Annotations

Branches:
Dungeon (11/15)            Temple (1/1) D:5            Lair (1/6) D:10
    Orc (1/2) D:10          Sewer (visited)         Ossuary (visited)

Altars:
Ashenzari
Cheibriados
Dithmenos
Elyvilon
Fedhas
Gozag
Hepliaklqana
Kikubaaqudgha
Makhleb
Nemelex Xobeh
Okawaru
Qazlal
Ru
Sif Muna
Trog
Uskayaw
Vehumet
Wu Jian
Xom
Yredelemnul
Zin
The Shining One
Lugonu

Shops:
D:4 (   D:11 ?

Portals:
Abyss: D:9

Annotations:
D:8 2 transporters, exclusion: downstairs
D:9 2 transporters, exclusion: downstairs, totalnoob's ghost, journeyman DsAr
D:11 exclusions: two-headed ogre and 2 vampire mosquitoes, Fannar
Lair:1 2 transporters, exclusion: downstairs, yegreS's ghost, novice MiFi


Innate Abilities, Weirdness & Mutations

You can breathe blasts of noxious fumes.
Your lurid green scales are hard. (AC +7)
You cannot fit into any form of body armour.
Your system is resistant to poisons. (rPois)
You are cold-blooded and may be slowed by cold attacks.


Message History

Fannar casts a spell.
Fannar drains the heat from the surrounding environment!
You feel yourself slow down.
Your fulminant prism is frozen.
Your fulminant prism resists.
Your fulminant prism crackles loudly.
You miss Fannar.
Fannar is severely wounded.
Fannar barely misses you.
Your fulminant prism explodes!
The blast of energy engulfs Fannar!!
Fannar is almost dead.
Fannar barely misses you.
Casting: Fulminant Prism (dangerous; 7% risk of failure)
Confirm with . or Enter, or press ? or * to list all spells.
Aiming: Searing Ray (safe; 1% risk of failure)
Press: ? - help, Shift-Dir - straight line
Okay, then.
Casting: Searing Ray (safe; 1% risk of failure)
Confirm with . or Enter, or press ? or * to list all spells.
Aiming: Searing Ray (safe; 1% risk of failure)
Press: ? - help, Shift-Dir - straight line
Okay, then.
Casting: Searing Ray (safe; 1% risk of failure)
Confirm with . or Enter, or press ? or * to list all spells.
You don't have enough magic to cast this spell.
You barely miss Fannar.
Fannar is almost dead.
Fannar says, "You will make a fine ice sculpture."
Fannar mumbles some strange words.
Fannar drains the heat from the surrounding environment!
* * * LOW HITPOINT WARNING * * *
Fannar hits you with a +0 quarterstaff of freezing.
* * * LOW HITPOINT WARNING * * *
You feel as though you will be slow longer.
Fannar freezes you.
* * * LOW HITPOINT WARNING * * *
Your magical contamination has completely faded away.
You feel very mighty all of a sudden.
Fannar hits you with a +0 quarterstaff of freezing.
You die... ####### #########...... #########.))........... #......##)#.##########. e.. #.####..).#.#........#. .5.# #.# #.#..#.#.######.#. 555

#.# #.##.#.#.#....#.#. #5. #.#
##@##.#.#.#.##.#.#. #.. #.#
#.e##.#.#.#.∩#.#.#. #.. #.#
#.###.#.#.####.#.#.
##..#######.###.##..#.#......#.#.
...5.5e...*.##...#..#.########.#.
##.####*#Y.....#....#..........#.
.......###.#.#.).##.############.
#######.#....##.###..............
##.######.# #.#########.##.


You could see Fannar.

Vanquished Creatures
  An unseen horror (D:10)
  A komodo dragon (D:10)
  3 slime creatures (D:10)
  4 trolls
  Grinder (D:4)
  A shadow (D:10)
  2 steam dragons
  A basilisk (D:11)
  A warg (D:10)
  4 sky beasts
  9 orc warriors
  A black bear (D:5)
  A hornet zombie (D:5)
  An ogre (D:4)
  6 centaurs
  2 phantoms
  3 kobold brigands
  6 bullfrogs
  A gnoll sergeant (D:9)
  4 scorpions
  3 water moccasin skeletons
  6 killer bees (D:9)
  2 howler monkeys
  An electric eel (D:6)
  6 centaur zombies
  5 hounds
  13 orc priests
  A gnoll shaman (D:6)
  Crazy Yiuf (D:2)
  Ijyb (D:5)
  14 orc wizards
  A killer bee zombie (D:8)
  A mummy (Ossuary)
  A howler monkey skeleton (D:4)
  10 gnolls
  7 adders
  A river rat (Sewer)
  A shadow imp (D:6)
  7 white imps
  An ufetubus (D:6)
  2 adder skeletons
  4 worms
  3 dart slugs
  50 orcs
  3 spectral bats (Ossuary)
  8 endoplasms
  5 giant cockroaches
  12 gnoll zombies (Ossuary)
  9 goblins
  8 hobgoblins
  6 jackals
  21 kobolds
  9 ball pythons
  4 bats
  5 bat simulacra (Ossuary)
  2 frilled lizards
  2 goblin simulacra (Ossuary)
  4 goblin zombies (Ossuary)
  5 hobgoblin zombies (Ossuary)
  3 kobold simulacra (Ossuary)
  3 kobold zombies (Ossuary)
  6 orc zombies (Ossuary)
  12 rats
  3 spectral goblins (Ossuary)
  3 spectral kobolds (Ossuary)
328 creatures vanquished.

Vanquished Creatures (others)
  14 fulminant prisms
  6 plants (D:10)
20 creatures vanquished.

Grand Total: 348 creatures vanquished

Notes
Turn   | Place    | Note
-------+----------+-------------------------------------------
     0 | D:1      | Shadow153 the Draconian Conjurer began the quest for the
                  | Orb.
     0 | D:1      | Reached XP level 1. HP: 14/14 MP: 3/3
   464 | D:1      | Reached XP level 2. HP: 20/20 MP: 1/5
   829 | D:1      | Found a faded altar of an unknown god.
  1386 | D:2      | Reached skill level 2 in Dodging
  1457 | D:2      | Reached XP level 3. HP: 26/26 MP: 1/6
  2212 | D:2      | Found a runed translucent door.
  2213 | D:2      | Noticed Crazy Yiuf
  2340 | D:2      | Learned a level 2 spell: Searing Ray
  2417 | D:2      | Reached XP level 4. HP: 33/33 MP: 8/8
  3042 | D:3      | Reached XP level 5. HP: 18/38 MP: 10/10
  3294 | D:3      | Found a hide-covered altar of Uskayaw.
  3297 | D:3      | Noticed a +0 hand axe
  3340 | D:3      | Noticed a +0 hand axe
  3386 | D:3      | Reached skill level 5 in Conjurations
  3988 | D:2      | HP: 1/38 [Crazy Yiuf (2)]
  3990 | D:2      | Killed Crazy Yiuf
  4477 | D:4      | Reached XP level 6. HP: 45/45 MP: 12/12
  4904 | D:4      | Found a sparkling altar of Nemelex Xobeh.
  4961 | D:4      | Learned a level 4 spell: Fulminant Prism
  5003 | D:4      | Reached skill level 3 in Dodging
  5047 | D:4      | Reached skill level 5 in Spellcasting
  5091 | D:4      | Noticed Grinder
  5216 | D:4      | Found Zotuff's Weapon Shoppe.
  5260 | D:3      | Your scales start taking on a lurid green colour.
  5260 | D:3      | Reached XP level 7. HP: 39/51 MP: 12/14
  5260 | D:3      | Gained mutation: Your system is resistant to poisons.
                  | (rPois) [Green Draconian growth]
  5264 | D:3      | Reached skill level 1 in Fighting
  5443 | D:4      | Found a glowing silver altar of Zin.
  5702 | D:4      | Paralysed by Grinder for 6 turns
  5711 | D:4      | Killed Grinder
  5872 | D:5      | Entered Level 5 of the Dungeon
  6126 | D:5      | Found a staircase to the Ecumenical Temple.
  6132 | Temple   | Entered the Ecumenical Temple
  6266 | D:5      | Found an ornate altar of the Wu Jian Council.
  6302 | D:5      | Noticed Ijyb
  6331 | D:5      | Reached skill level 4 in Dodging
  6331 | D:5      | Reached XP level 8. HP: 59/59 MP: 17/17
  6341 | D:5      | Killed Ijyb
  6782 | D:5      | Noticed a troll
  6840 | D:5      | Found a hazy altar of Hepliaklqana.
  6841 | D:5      | Found an ancient bone altar of Kikubaaqudgha.
  6990 | D:5      | Reached skill level 5 in Dodging
  7240 | D:6      | Found a glowing drain.
  7259 | Sewer    | Entered a sewer
  7481 | Sewer    | Reached skill level 6 in Dodging
  7604 | Sewer    | Found a white marble altar of Elyvilon.
  7816 | D:6      | Noticed a troll
  8260 | D:6      | Reached XP level 9. HP: 50/70 MP: 15/19
  8449 | D:6      | Reached skill level 7 in Dodging
  9592 | D:7      | Found a sand-covered staircase.
  9602 | Ossuary  | Entered an ossuary
 10602 | D:7      | Reached skill level 1 in Hexes
 10869 | D:7      | Found a burning altar of Makhleb.
 11832 | D:8      | Reached skill level 8 in Dodging
 12026 | D:8      | Found a transporter.
 12028 | D:8      | Found a shadowy altar of Dithmenos.
 12028 | D:8      | Noticed a centaur warrior
 12029 | D:8      | Found a white marble altar of Elyvilon.
 12030 | D:8      | Found a glowing golden altar of the Shining One.
 12032 | D:8      | Found a transporter.
 12668 | D:6      | Killed a troll
 12868 | D:5      | Killed a troll
 12869 | D:5      | Reached XP level 10. HP: 67/79 MP: 19/20
 13066 | D:5      | Reached skill level 1 in Staves
 13237 | D:5      | Noticed a moth of wrath
 13240 | D:5      | Found a bloodstained altar of Trog.
 13640 | D:8      | Learned a level 3 spell: Ignite Poison
 13645 | D:8      | Learned a level 4 spell: Iskenderun's Mystic Blast
 13648 | D:8      | Learned a level 2 spell: Static Discharge
 13688 | D:9      | Found a snail-covered altar of Cheibriados.
 14265 | D:9      | Noticed totalnoob's ghost (journeyman DsAr)
 14287 | D:9      | Found a one-way gate to the infinite horrors of the Abyss.
 14293 | D:9      | Found a transporter.
 14307 | D:9      | Found a transporter.
 14386 | D:9      | Found the amulet of the Air {Inacc Air Fly rElec RMsl}
 14554 | D:9      | Reached skill level 1 in Translocations
 14554 | D:9      | Reached skill level 1 in Poison Magic
 14737 | D:9      | Found a radiant altar of Vehumet.
 15638 | D:9      | Found a blossoming altar of Fedhas.
 15764 | D:9      | Found a radiant altar of Vehumet.
 15797 | D:9      | Found a transporter.
 15803 | D:9      | Noticed a wizard
 15824 | D:9      | Found a transporter.
 15970 | D:9      | Found a one-way gate to the infinite horrors of the Abyss.
 16356 | D:9      | Found a blossoming altar of Fedhas.
 16533 | D:9      | Found a snail-covered altar of Cheibriados.
 16678 | D:10     | Entered Level 10 of the Dungeon
 16723 | D:10     | Found a staircase to the Lair.
 16756 | D:10     | Reached skill level 9 in Dodging
 17396 | D:10     | Found a staircase to the Orcish Mines.
 18637 | D:10     | Found an opulent altar of Gozag.
 19115 | D:10     | Reached skill level 5 in Fighting
 19398 | D:11     | Found Ohecine's Magic Scroll Shop.
 19591 | Lair:1   | Entered Level 1 of the Lair of Beasts
 19680 | Lair:1   | Found a transporter.
 19683 | Lair:1   | Noticed a cane toad
 19684 | Lair:1   | Noticed yegreS's ghost (novice MiFi)
 19686 | Lair:1   | Noticed a moth of wrath
 19699 | Lair:1   | Found a transporter.
 19728 | Lair:1   | Noticed a moth of wrath
 19807 | Lair:1   | Noticed a cane toad
 19815 | Lair:1   | Noticed a cane toad
 20076 | Orc:1    | Entered Level 1 of the Orcish Mines
 20076 | Orc:1    | Noticed a two-headed ogre
 20278 | D:11     | Reached XP level 11. HP: 56/86 MP: 18/21
 20482 | D:11     | Noticed a two-headed ogre
 20534 | D:11     | Noticed Fannar
 20711 | D:11     | Slain by Fannar

Illustrated notes

Levels and vault maps discovered:
D:1:      lightli_molten_gateway, layout_rooms,
          shapermc_ecumenical_altar_totnotflames
D:2:      layout_basic, fountainhead, uniq_crazy_yiuf_cottage
D:3:      layout_rooms, dancing_weapons_uskayaw, grunt_ministairs_8
D:4:      minmay_skewed_foursquare, layout_cave_pools, amcnicky_altar_gilded,
          nemelex_xobeh_ov_fountains_minmay, serial_shops,
          nicolae_shop_statue_plus, uniq_grinder
D:5:      layout_basic, mainiacjoe_overflow_paths, tgw_trog,
          gammafunk_temple_overflow_statue, minmay_temple_entry_enclosed_plants,
          uniq_ijyb
D:6:      layout_basic, cheibrodos_sewer_entry_sluice, kennysheep_generic_room_4
D:7:      layout_basic, bloody_makhleb, lightli_ossuary_entry_decrepit_ruins,
          minivault_22, minmay_misc_feat_iff
D:8:      layout_basic, gammafunk_temple_overflow_arena
D:9:      gammafunk_ghost_abyssal_escape, layout_loops_corners,
          nicolae_overflow_crystal_walls, lemuel_coloured_pillars_altar,
          lemuel_round_altar
D:10:     layout_irregular_city, overflow_temple_1_default, david_lair_shrubbed,
          erik_orc_4
D:11:     layout_loops_ring, serial_shops, nicolae_inconvenience_store,
          portal_ice_cave_entry_imps, uniq_fannar, uniq_erolcha
Temple:   corrupted_temple
Lair:1:   layout_roguey, gammafunk_ghost_berserking_beasts
Orc:1:    layout_diamond_mine, basic_altar, nicolae_orc_lava_room

Skill      XL: |  1  2  3  4  5  6  7  8  9 10 |
---------------+-------------------------------+-----
Dodging        | 2 3 4 6 8 9 |  9.7
Stealth        | 2 3 4 |  4.0
Spellcasting   | 3 4 5 6 7 |  7.0
Conjurations   | 5 7 |  7.0
Fighting       | 1 3 4 5 |  5.0
Hexes          | 3 4 |  4.0
Staves         | 4 |  4.1
Translocations | 3 |  3.4
Poison Magic   | 3 |  3.0

Action                   |  1- 3 |  4- 6 |  7- 9 | 10-12 || total
-------------------------+-------+-------+-------+-------++-------
Melee: Unarmed           |    15 |       |    14 |       ||    29
       Tailslap          |     2 |     2 |       |       ||     4
       Quarterstaff      |       |    14 |    11 |     9 ||    34
 Cast: Magic Dart        |    94 |    75 |   268 |   143 ||   580
       Searing Ray       |       |    15 |    74 |    59 ||   148
       Fulminant Prism   |       |       |       |    14 ||    14
       Iskenderun's Myst |       |       |       |     2 ||     2
 Abil: Breathe Noxious F |       |       |     1 |     7 ||     8
  Use: Scroll            |       |     5 |    12 |     5 ||    22
       Potion            |       |       |     2 |     2 ||     4
 Stab: Sleeping          |       |     1 |       |       ||     1
Armor: Skin              |    14 |    10 |    75 |    34 ||   133
Dodge: Dodged            |    20 |    35 |   187 |   111 ||   353
       Repelled          |       |       |       |     5 ||     5

Table legend: (Time is in decaauts)
 A = Elapsed time spent in this place.
 B = Non-inter-level travel time spent in this place.
 C = Inter-level travel time spent in this place.
 D = Time resting spent in this place.
 E = Time spent auto-exploring this place.
 F = Levels seen in this place.
 G = Mean time per level.
                   A        B        C        D        E       F      G
               +--------+--------+--------+--------+--------+-----+--------+
         Total |  20789 |  19716 |   1073 |   9372 |   6343 |  16 | 1299.3 |
       Dungeon |  19006 |  17944 |   1062 |   8516 |   6177 |  11 | 1727.8 |
        Temple |     48 |     37 |     11 |      0 |     22 |   1 |   48.0 |
          Lair |    274 |    274 |      0 |      0 |     81 |   1 |  274.0 |
  Orcish Mines |      1 |      1 |      0 |      0 |      0 |   1 |    1.0 |
         Sewer |    466 |    466 |      0 |    263 |     63 |   1 |  466.0 |
       Ossuary |    990 |    990 |      0 |    593 |      0 |   1 |  990.0 |
               +--------+--------+--------+--------+--------+-----+--------+

Top non-repeatable levels by time:
     D:9: 3467 daAuts
    D:10: 2443 daAuts
     D:6: 2378 daAuts
     D:2: 2285 daAuts
     D:5: 1708 daAuts
     D:8: 1616 daAuts
     D:4: 1438 daAuts
     D:1: 1259 daAuts
 Ossuary: 990 daAuts
     D:3: 963 daAuts
     D:7: 891 daAuts
    D:11: 554 daAuts
   Sewer: 466 daAuts
  Lair:1: 274 daAuts
  Temple: 48 daAuts
